TOP OF THE 1ST |
Broken Arrow HS batting - Pitching for Mountain Pointe HS : RHP Chance Ward
|
Pitching: RHP Chance Ward
|
|
Batting: RHB Ramón Santos
|
0-0: Called Strike 0-1: Ball 1-1: Ball 2-1: Foul Ball, location: 2F 2-2: Fly out, F9 (Flyball, 9S)
|
Batting: RHB Donnie Bryan
|
0-0: Ball 1-0: Called Strike 1-1: Fly out, F7 (Flyball, 7)
|
Batting: RHB Jon Bush
|
0-0: Foul Ball, location: 2F 0-1: Called Strike 0-2: Strikes out swinging
|
Top of the 1st over - 0 run(s), 0 hit(s), 0 error(s), 0 left on base; Broken Arrow HS 0 - Mountain Pointe HS 0 |
BOTTOM OF THE 1ST |
Mountain Pointe HS batting - Pitching for Broken Arrow HS : LHP Ken McKnight
|
Pitching: LHP Ken McKnight
|
|
Batting: LHB Jesús Romero
|
0-0: Ball 1-0: Foul Ball, location: 2F 1-1: Bunt for hit - play at first, batter safe!
|
Batting: SHB Jerry Vaughn
|
0-0: Foul Ball, location: 2F 0-1: Ball 1-1: Ball 2-1: Called Strike 2-2: 2-RUN HOME RUN (Flyball, 8LXD), Distance : 445 ft
|
Batting: LHB Benny Lawson
|
0-0: Foul Ball, location: 2F 0-1: Ball 1-1: Ground out 5-3 (Groundball, 56)
|
Batting: RHB Reggie Snyder
|
0-0: Ball 1-0: Foul Ball, location: 2F 1-1: Foul Ball, location: 2F 1-2: Ball 2-2: Ball 3-2: DOUBLE (Flyball, 89M) - OUT at third base trying to stretch hit.
|
Batting: RHB Vicente Correa
|
0-0: Called Strike 0-1: Called Strike 0-2: Ball 1-2: Ball 2-2: Strikes out swinging
|
Bottom of the 1st over - 2 run(s), 3 hit(s), 0 error(s), 0 left on base; Broken Arrow HS 0 - Mountain Pointe HS 2 |
TOP OF THE 2ND |
Broken Arrow HS batting - Pitching for Mountain Pointe HS : RHP Chance Ward
|
Batting: RHB Chris Lancaster
|
0-0: Called Strike 0-1: Foul Ball, location: 2F 0-2: Ball 1-2: Ball 2-2: Ball 3-2: Strikes out swinging
|
Batting: RHB David Adams
|
0-0: SOLO HOME RUN (Flyball, 9LD), Distance : 363 ft
|
Batting: RHB James Thompson
|
0-0: Ball 1-0: Ball 2-0: Ball 3-0: Called Strike 3-1: Foul Ball, location: 2F 3-2: Foul Ball, location: 2F 3-2: Ground out 5-3 (Groundball, 5)
|
Batting: LHB Jesús Zamora
|
0-0: Ball 1-0: Swinging Strike 1-1: Ball 2-1: Foul Ball, location: 2F 2-2: Foul Ball, location: 2F 2-2: Ball 3-2: SINGLE (Flyball, 8LS)
|
Batting: LHB Dennis Montgomery
|
0-0: Called Strike 0-1: Ball 1-1: Ball 2-1: Fly out, F9 (Flyball, 89M)
|
Top of the 2nd over - 1 run(s), 2 hit(s), 0 error(s), 1 left on base; Broken Arrow HS 1 - Mountain Pointe HS 2 |
BOTTOM OF THE 2ND |
Mountain Pointe HS batting - Pitching for Broken Arrow HS : LHP Ken McKnight
|
Batting: RHB Bill Wells
|
0-0: Foul Ball, location: 2F 0-1: Ball 1-1: Foul Ball, location: 2F 1-2: Fly out, F8 (Flyball, 8LM)
|
Batting: LHB Rob Johnson
|
0-0: Ball 1-0: Ball 2-0: Ball 3-0: Base on Balls
|
Batting: RHB Richard Bass
|
0-0: Foul Ball, location: 2F 0-1: Ball 1-1: Ball 2-1: Swinging Strike 2-2: Foul Ball, location: 2F 2-2: Fielders Choice at 2nd, 4-6 (Groundball, 4)
|
Batting: LHB Johnny Beach
|
0-0: Ball 1-0: Foul Ball, location: 2F 1-1: Ball 2-1: Ground out 6-3 (Groundball, 6S)
|
Bottom of the 2nd over - 0 run(s), 0 hit(s), 0 error(s), 1 left on base; Broken Arrow HS 1 - Mountain Pointe HS 2 |
TOP OF THE 3RD |
Broken Arrow HS batting - Pitching for Mountain Pointe HS : RHP Chance Ward
|
Batting: RHB R.J. Tucker
|
0-0: Foul Ball, location: 2F 0-1: Ball 1-1: Swinging Strike 1-2: Ball 2-2: Ball 3-2: Base on Balls
|
Batting: RHB Ramón Santos
|
0-0: Called Strike 0-1: Ball 1-1: Called Strike 1-2: Strikes out looking
|
Batting: RHB Donnie Bryan
|
0-0: Ball 1-0: Called Strike 1-1: Ball 2-1: Ball 3-1: Base on Balls R.J. Tucker to second
|
Batting: RHB Jon Bush
|
0-0: Ball 1-0: Foul Ball, location: 2F 1-1: Ball 2-1: Ball 3-1: SINGLE (Line Drive, 9S) R.J. Tucker to third Donnie Bryan to second Runner from 3rd tries for Home, throw and OUT! Donnie Bryan to third Jon Bush to second
|
Batting: RHB Chris Lancaster
|
0-0: Foul Ball, location: 2F 0-1: Foul Ball, location: 2F 0-2: Ball 1-2: Ball 2-2: Strikes out swinging
|
Top of the 3rd over - 0 run(s), 1 hit(s), 0 error(s), 2 left on base; Broken Arrow HS 1 - Mountain Pointe HS 2 |
BOTTOM OF THE 3RD |
Mountain Pointe HS batting - Pitching for Broken Arrow HS : LHP Ken McKnight
|
Batting: LHB Jesús Romero
|
0-0: Ball 1-0: Called Strike 1-1: Foul Ball, location: 2F 1-2: Foul Ball, location: 2F 1-2: Foul Ball, location: 2F 1-2: SINGLE (Line Drive, 4D)
|
Batting: SHB Jerry Vaughn
|
0-0: Ball 1-0: Ball 2-0: Foul Ball, location: 2F 2-1: Ball 3-1: Foul Ball, location: 2F 3-2: Foul Ball, location: 2F 3-2: Fly out, F9 (Line Drive, 9LM)
|
Batting: LHB Benny Lawson
|
0-0: Called Strike 0-1: SINGLE (Groundball, 34S) (infield hit) Jesús Romero to second
|
Batting: RHB Reggie Snyder
|
0-0: 3-RUN HOME RUN (Line Drive, 89XD), Distance : 431 ft
|
Batting: RHB Vicente Correa
|
0-0: Called Strike 0-1: Called Strike 0-2: SINGLE (Groundball, 56D)
|
Batting: RHB Bill Wells
|
0-0: Hit by Pitch Vicente Correa to second
|
Batting: LHB Rob Johnson
|
0-0: Foul Ball, location: 2F 0-1: Called Strike 0-2: Ball 1-2: Fly out, F8 (Flyball, 8LM)
|
Batting: RHB Richard Bass
|
0-0: Swinging Strike 0-1: Called Strike 0-2: Ball 1-2: Foul Ball, location: 2F 1-2: Ball 2-2: SINGLE (Groundball, 6S) (infield hit) Vicente Correa to third Bill Wells to second
|
Batting: LHB Johnny Beach
|
0-0: Ground out 5-3 (Groundball, 56S)
|
Bottom of the 3rd over - 3 run(s), 5 hit(s), 0 error(s), 3 left on base; Broken Arrow HS 1 - Mountain Pointe HS 5 |
TOP OF THE 4TH |
Broken Arrow HS batting - Pitching for Mountain Pointe HS : RHP Chance Ward
|
Batting: RHB David Adams
|
0-0: Called Strike 0-1: Ground out 1-3 (Groundball, P)
|
Batting: RHB James Thompson
|
0-0: Called Strike 0-1: Foul Ball, location: 2F 0-2: Strikes out looking
|
Batting: LHB Jesús Zamora
|
0-0: Ball 1-0: SINGLE (Flyball, 89S)
|
Batting: LHB Dennis Montgomery
|
0-0: Swinging Strike 0-1: Ball 1-1: Ball 2-1: Swinging Strike 2-2: Foul Ball, location: 2F 2-2: Ball 3-2: Foul Ball, location: 2F 3-2: Base on Balls Jesús Zamora to second
|
Batting: RHB R.J. Tucker
|
0-0: Called Strike 0-1: Fly out, F9 (Flyball, 9LS)
|
Top of the 4th over - 0 run(s), 1 hit(s), 0 error(s), 2 left on base; Broken Arrow HS 1 - Mountain Pointe HS 5 |
BOTTOM OF THE 4TH |
Mountain Pointe HS batting - Pitching for Broken Arrow HS : LHP Ken McKnight
|
Batting: LHB Jesús Romero
|
0-0: Called Strike 0-1: Ground out 6-3 (Groundball, 6S)
|
Batting: SHB Jerry Vaughn
|
0-0: Called Strike 0-1: Ball 1-1: Ball 2-1: Ground out 5-3 (Groundball, 56S)
|
Batting: LHB Benny Lawson
|
0-0: Ball 1-0: Foul Ball, location: 2F 1-1: Fly out, F7 (Flyball, 7LS)
|
Bottom of the 4th over - 0 run(s), 0 hit(s), 0 error(s), 0 left on base; Broken Arrow HS 1 - Mountain Pointe HS 5 |
TOP OF THE 5TH |
Broken Arrow HS batting - Pitching for Mountain Pointe HS : RHP Chance Ward
|
Batting: RHB Ramón Santos
|
0-0: Called Strike 0-1: SINGLE (Line Drive, 56)
|
Pitching: RHP Ben Crochers
|
|
Batting: RHB Donnie Bryan
|
0-0: Called Strike 0-1: Ball 1-1: Ball 2-1: Foul Ball, location: 2F 2-2: Strikes out swinging
|
Batting: RHB Jon Bush
|
0-0: SINGLE (Groundball, 56) (infield hit) Ramón Santos to second
|
Batting: RHB Chris Lancaster
|
0-0: Hit by Pitch Ramón Santos to third Jon Bush to second
|
Batting: RHB David Adams
|
0-0: Ball 1-0: Ball 2-0: Called Strike 2-1: Foul Ball, location: 2F 2-2: Foul Ball, location: 2F 2-2: Ball 3-2: Base on Balls Ramón Santos scores Jon Bush to third Chris Lancaster to second
|
Batting: RHB James Thompson
|
0-0: Ball 1-0: Ball 2-0: Called Strike 2-1: Ball 3-1: Foul Ball, location: 2F 3-2: Base on Balls Jon Bush scores Chris Lancaster to third David Adams to second
|
Batting: LHB Jesús Zamora
|
0-0: Called Strike 0-1: Swinging Strike 0-2: Strikes out swinging
|
Batting: LHB Dennis Montgomery
|
0-0: Ball 1-0: Fly out, F6 (Popup, 6)
|
Top of the 5th over - 2 run(s), 2 hit(s), 0 error(s), 3 left on base; Broken Arrow HS 3 - Mountain Pointe HS 5 |
BOTTOM OF THE 5TH |
Mountain Pointe HS batting - Pitching for Broken Arrow HS : LHP Ken McKnight
|
Pitching: RHP Michael Crosby
|
|
Batting: RHB Reggie Snyder
|
0-0: Called Strike 0-1: Ball 1-1: Ball 2-1: Called Strike 2-2: Ball 3-2: Base on Balls
|
Batting: RHB Vicente Correa
|
0-0: Ball 1-0: Ball 2-0: Called Strike 2-1: Foul Ball, location: 2F 2-2: Foul Ball, location: 2F 2-2: Foul Ball, location: 2F 2-2: Foul Ball, location: 2F 2-2: Foul Ball, location: 2F 2-2: Ball 3-2: Foul Ball, location: 2F 3-2: Foul Ball, location: 2F 3-2: Fielders Choice at 2nd, 5-4 (Groundball, 56)
|
Batting: RHB Bill Wells
|
0-0: Foul Ball, location: 2F 0-1: Fly out, F9 (Flyball, 89M)
|
Batting: LHB Rob Johnson
|
0-0: Called Strike 0-1: Called Strike 0-2: Foul Ball, location: 2F 0-2: Foul Ball, location: 2F 0-2: Ball 1-2: SINGLE (Flyball, 7LS) Vicente Correa to second
|
Batting: RHB Richard Bass
|
0-0: Called Strike 0-1: Swinging Strike 0-2: DOUBLE (Line Drive, 7LM) Vicente Correa scores Rob Johnson to third Runner from 3rd tries for Home, SAFE, no throw
|
Batting: LHB Johnny Beach
|
0-0: Ball 1-0: Ball 2-0: Ball 3-0: Called Strike 3-1: Foul Ball, location: 2F 3-2: Foul Ball, location: 2F 3-2: Foul Ball, location: 2F 3-2: Base on Balls
|
Batting: LHB Jesús Romero
|
0-0: Ball 1-0: Called Strike 1-1: Ball 2-1: Foul Ball, location: 2F 2-2: Ball 3-2: Strikes out swinging
|
Bottom of the 5th over - 2 run(s), 2 hit(s), 0 error(s), 2 left on base; Broken Arrow HS 3 - Mountain Pointe HS 7 |
TOP OF THE 6TH |
Broken Arrow HS batting - Pitching for Mountain Pointe HS : RHP Ben Crochers
|
Batting: RHB R.J. Tucker
|
0-0: Ball 1-0: Ball 2-0: DOUBLE (Line Drive, 7LM)
|
Batting: RHB Ramón Santos
|
0-0: Ball 1-0: Ball 2-0: Ball 3-0: Base on Balls
|
Batting: RHB Donnie Bryan
|
0-0: Foul Ball, location: 2F 0-1: Ball 1-1: Foul Ball, location: 2F 1-2: Grounds into double play, 5-4-3 (Groundball, 56) R.J. Tucker to third
|
Batting: RHB Jon Bush
|
0-0: Ball 1-0: Foul Ball, location: 2F 1-1: Ball 2-1: Ball 3-1: Base on Balls
|
Batting: RHB Chris Lancaster
|
0-0: Foul Ball, location: 2F 0-1: Swinging Strike 0-2: Strikes out swinging
|
Top of the 6th over - 0 run(s), 1 hit(s), 0 error(s), 2 left on base; Broken Arrow HS 3 - Mountain Pointe HS 7 |
BOTTOM OF THE 6TH |
Mountain Pointe HS batting - Pitching for Broken Arrow HS : RHP Michael Crosby
|
Pitching: RHP James Harmon
|
|
Batting: SHB Jerry Vaughn
|
0-0: Foul Ball, location: 2F 0-1: Ball 1-1: DOUBLE (Flyball, 78D)
|
Batting: LHB Benny Lawson
|
0-0: Ball 1-0: Called Strike 1-1: Ball 2-1: Swinging Strike 2-2: Reached on error, E6 (Groundball, 6) Jerry Vaughn scores
|
Batting: RHB Reggie Snyder
|
0-0: Called Strike 0-1: Ball 1-1: Swinging Strike 1-2: Ball 2-2: Foul Ball, location: 2F 2-2: Fly out, F9 (Flyball, 89M)
|
Batting: RHB Vicente Correa
|
0-0: Ball 1-0: Foul Ball, location: 2F 1-1: Ball 2-1: Called Strike 2-2: Foul Ball, location: 2F 2-2: Ball 3-2: Base on Balls
|
Batting: RHB Bill Wells
|
0-0: Ball 1-0: Called Strike 1-1: DOUBLE (Flyball, 89M) Benny Lawson scores Vicente Correa to third
|
Batting: LHB Rob Johnson
|
0-0: Ball 1-0: Called Strike 1-1: Swinging Strike 1-2: Strikes out swinging
|
Batting: RHB Richard Bass
|
0-0: Ball 1-0: Ground out 5-3 (Groundball, 5S)
|
Bottom of the 6th over - 2 run(s), 2 hit(s), 1 error(s), 2 left on base; Broken Arrow HS 3 - Mountain Pointe HS 9 |
TOP OF THE 7TH |
Broken Arrow HS batting - Pitching for Mountain Pointe HS : RHP Ben Crochers
|
Batting: RHB David Adams
|
0-0: Ball 1-0: Swinging Strike 1-1: Fly out, F6 (Line Drive, 6)
|
Batting: RHB James Thompson
|
0-0: Called Strike 0-1: Ball 1-1: Ball 2-1: Called Strike 2-2: Ball 3-2: Base on Balls
|
Pitching: LHP Jeff Moore
|
|
Batting: LHB Jesús Zamora
|
0-0: Foul Ball, location: 2F 0-1: Foul Ball, location: 2F 0-2: Ball Wild Pitch! James Thompson to second 1-2: Foul Ball, location: 2F 1-2: Foul Ball, location: 2F 1-2: Strikes out swinging
|
Batting: LHB Dennis Montgomery
|
0-0: SINGLE (Groundball, 4MD) James Thompson to third Runner from 3rd tries for Home, SAFE, no throw
|
Batting: RHB R.J. Tucker
|
0-0: Called Strike 0-1: Swinging Strike 0-2: Ball 1-2: Foul Ball, location: 2F 1-2: Strikes out looking
|
Top of the 7th over - 1 run(s), 1 hit(s), 0 error(s), 1 left on base; Broken Arrow HS 4 - Mountain Pointe HS 9 |
BOTTOM OF THE 7TH |
Mountain Pointe HS batting - Pitching for Broken Arrow HS : RHP James Harmon
|
Batting: LHB Johnny Beach
|
0-0: SINGLE (Groundball, 34D)
|
Batting: LHB Jesús Romero
|
0-0: Foul Ball, location: 2F 0-1: Ball 1-1: Called Strike 1-2: Foul Ball, location: 2F 1-2: Foul Ball, location: 2F 1-2: Strikes out swinging
|
Batting: SHB Jerry Vaughn
|
0-0: Ball 1-0: Ball 2-0: Foul Ball, location: 2F 2-1: SINGLE (Flyball, 8RS) Johnny Beach to second
|
Batting: LHB Benny Lawson
|
0-0: Called Strike 0-1: Swinging Strike 0-2: Foul Ball, location: 2F 0-2: Ball 1-2: Foul Ball, location: 2F 1-2: Ball 2-2: Ball 3-2: Fly out, F7 (Flyball, 7S)
|
Batting: RHB Reggie Snyder
|
0-0: Reached on error, E6 (Groundball, 6) Johnny Beach to third Jerry Vaughn to second
|
Batting: RHB Vicente Correa
|
0-0: Ball 1-0: Ball 2-0: Called Strike 2-1: Foul Ball, location: 2F 2-2: Ball 3-2: Base on Balls Johnny Beach scores Jerry Vaughn to third Reggie Snyder to second
|
Batting: RHB Bill Wells
|
0-0: Foul Ball, location: 2F 0-1: SINGLE (Flyball, 89S) Jerry Vaughn scores Reggie Snyder to third Vicente Correa to second
|
Pitching: RHP Gong-sun Wan
|
|
Batting: LHB Rob Johnson
|
0-0: Ball 1-0: Ball 2-0: Ball Wild Pitch! Reggie Snyder scores Vicente Correa to third Bill Wells to second 3-0: Base on Balls
|
Batting: RHB Richard Bass
|
0-0: Called Strike 0-1: Foul Ball, location: 2F 0-2: Strikes out looking
|
Bottom of the 7th over - 3 run(s), 3 hit(s), 1 error(s), 3 left on base; Broken Arrow HS 4 - Mountain Pointe HS 12 |
TOP OF THE 8TH |
Broken Arrow HS batting - Pitching for Mountain Pointe HS : LHP Jeff Moore
|
Now at C: Bill Sharp
|
|
Now at 1B: Ashton Murray
|
|
Batting: RHB Ramón Santos
|
0-0: Ball 1-0: Ball 2-0: Ball 3-0: Base on Balls
|
Batting: RHB Donnie Bryan
|
0-0: Called Strike 0-1: Ball 1-1: Ball 2-1: Swinging Strike 2-2: Ball 3-2: Strikes out swinging Ramón Santos steals 2nd base Batter strikes out.
|
Batting: RHB Jon Bush
|
0-0: Hit by Pitch
|
Batting: RHB Chris Lancaster
|
0-0: Swinging Strike 0-1: Reached on error, E5 (Groundball, 56S) Ramón Santos to third Jon Bush to second
|
Batting: RHB David Adams
|
0-0: Foul Ball, location: 2F 0-1: Ball 1-1: Ball 2-1: Fly out, F9 (Flyball, 89S)
|
Batting: RHB James Thompson
|
0-0: Ball 1-0: Called Strike 1-1: Ball 2-1: Ball 3-1: Fly out, F8 (Flyball, 8LM)
|
Top of the 8th over - 0 run(s), 0 hit(s), 1 error(s), 3 left on base; Broken Arrow HS 4 - Mountain Pointe HS 12 |
BOTTOM OF THE 8TH |
Mountain Pointe HS batting - Pitching for Broken Arrow HS : RHP Gong-sun Wan
|
Batting: LHB Johnny Beach
|
0-0: Ball 1-0: Ball 2-0: Swinging Strike 2-1: Fly out, F5 (Popup, 5L)
|
Batting: LHB Jesús Romero
|
0-0: Ball 1-0: Ball 2-0: Called Strike 2-1: Swinging Strike 2-2: Foul Ball, location: 2F 2-2: Strikes out swinging
|
Batting: SHB Jerry Vaughn
|
0-0: Called Strike 0-1: Ball 1-1: Called Strike 1-2: SINGLE (Flyball, 78M)
|
Batting: LHB Benny Lawson
|
0-0: Foul Ball, location: 2F 0-1: Foul Ball, location: 2F 0-2: Strikes out swinging
|
Bottom of the 8th over - 0 run(s), 1 hit(s), 0 error(s), 1 left on base; Broken Arrow HS 4 - Mountain Pointe HS 12 |
TOP OF THE 9TH |
Broken Arrow HS batting - Pitching for Mountain Pointe HS : LHP Jeff Moore
|
Batting: LHB Jesús Zamora
|
0-0: Ball 1-0: Ball 2-0: Ball 3-0: Base on Balls
|
Batting: LHB Dennis Montgomery
|
0-0: Swinging Strike 0-1: Called Strike 0-2: Strikes out looking
|
Pitching: RHP Tim Pope
|
|
Batting: RHB R.J. Tucker
|
0-0: Ball 1-0: Single, Error in OF, E8, batter to second base Jesús Zamora to third
|
Batting: RHB Ramón Santos
|
0-0: Ball Wild Pitch! Jesús Zamora scores R.J. Tucker to third 1-0: Ball 2-0: Fly out, F8 (Flyball, 8LM) Runner from 3rd tags up, SCORES, throw made
|
Batting: RHB Donnie Bryan
|
0-0: Ball 1-0: Called Strike 1-1: Ball 2-1: Ball 3-1: Base on Balls
|
Batting: RHB Jon Bush
|
0-0: Called Strike 0-1: Swinging Strike 0-2: Strikes out swinging
|
Top of the 9th over - 2 run(s), 1 hit(s), 1 error(s), 1 left on base; Broken Arrow HS 6 - Mountain Pointe HS 12 |
|